 Dungeon Crawl Stone Soup version 0.22.0 (webtiles) character file.

146 Jorund the Magician (level 5, 27/35 HPs)
             Began as a Demonspawn Wizard on Aug 11, 2018.
             Quit the game on level 3 of the Dungeon.
             The game lasted 00:08:18 (3322 turns).

Jorund the Magician (Demonspawn Wizard)             Turns: 3322, Time: 00:08:18

Health: 27/35      AC:  4    Str:  8    XL:     5   Next: 7%
Magic:  7/11       EV: 18    Int: 20    God:
Gold:   103        SH:  0    Dex: 13    Spells: 3/12 levels left

rFire    . . .     SeeInvis .   m - +2 long sword (venom)
rCold    . . .     Gourm    .   (no shield)
rNeg     . . .     Faith    .   a - +0 robe
rPois    .         Spirit   .   b - +1 hat
rElec    .         Reflect  .   g - +0 cloak
rCorr    .         Harm     .   (no gloves)
MR       .....                  (no boots)
Stlth    ++........             (no amulet)
HPRegen  0.11/turn              k - +6 ring of evasion
MPRegen  0.12/turn              (no ring)

@: very slightly contaminated
A: horns 1, thin skeletal structure 1, powered by death 1
a: no special abilities


You were on level 3 of the Dungeon.
You were not hungry.

You visited 1 branch of the dungeon, and saw 3 of its levels.

You collected 103 gold pieces.

Inventory:

Hand Weapons
 m - a +2 long sword of venom (weapon)
Armour
 a - a +0 robe (worn)
 b - a +1 hat (worn)
 g - a +0 cloak (worn)
Jewellery
 k - a +6 ring of evasion (left hand)
Scrolls
 e - a scroll of fear
 i - a scroll of amnesia {unknown}
Potions
 c - a potion of resistance
 f - a potion of agility {unknown}
 h - a potion of ambrosia
 j - a potion of heal wounds {unknown}
Comestibles
 d - 2 rations


   Skills:
 + Level 0.3 Long Blades
   Level 0.4 Maces & Flails
 - Level 1.7 Dodging
 - Level 1.7 Stealth
 + Level 4.1 Spellcasting
 * Level 3.6 Conjurations
   Level 1.0 Summonings
 - Level 0.8 Translocations


You had 3 spell levels left.
You knew the following spells:

 Your Spells              Type           Power        Failure   Level  Hunger
a - Magic Dart            Conj           ###.         2%          1    None
b - Blink                 Tloc           N/A          14%         2    #......
c - Conjure Flame         Conj/Fire      ##......     19%         3    ###....
d - Mephitic Cloud        Conj/Pois/Air  #.......     24%         3    ###....

Your spell library contained the following spells:

 Spells                   Type           Power        Failure   Level  Hunger
 Slow                     Hex            #.......     19%         2    #......
 Call Imp                 Summ           #.......     13%         2    #......


Dungeon Overview and Level Annotations

Branches:
Dungeon (3/15)

Altars:
Kikubaaqudgha
Okawaru


Innate Abilities, Weirdness & Mutations

You have a pair of small horns on your head.
You have a somewhat thin skeletal structure. (Dex +2, Stealth)
You regenerate a little health from kills.


Message History

The giant cockroach closely misses you.
You closely miss the giant cockroach. The giant cockroach misses you.
You riposte.
You hit the giant cockroach.
You kill the giant cockroach!
You closely miss the gnoll. The gnoll barely misses you.
You hit the gnoll.
The gnoll is poisoned.
The gnoll is lightly wounded.
The gnoll hits you but does no damage.
You slash the gnoll!
The gnoll looks as sick as possible!
Your headbutt misses the gnoll.
The gnoll is almost dead.
You kill the gnoll!
You have reached level 5!
Your demonic ancestry asserts itself...
Your bones become slightly less dense.
You barely miss the gnoll. The gnoll closely misses you. The gnoll hits you.
You slash the gnoll!
The gnoll is poisoned.
The gnoll is heavily wounded.
The gnoll misses you.
Are you sure you want to abandon this character and quit the game? (Confirm with "yes".)

s..........# #.#..#.#
........?.# #.#..#.#
....(....# #.#..#.#
........###....#.#
..!.?..#..)#.##.#
#......#.#.#.##.#
#.w)...#.#.#.##.# #g#
#.#<..##.# #@# #.#.####.#
###########.#####.#......#
...............>#.########
###########.###.#...#
#..##†###.# ##.##†###.#
..#†....# #.#.##### ...#


You could see a gnoll and a dart slug.

Vanquished Creatures
  6 gnolls
  3 adders (D:2)
  3 worms (D:2)
  2 orcs
  10 bats
  4 giant cockroaches
  8 goblins
  7 hobgoblins
  2 jackals (D:3)
  2 quokkas
  6 frilled lizards
  8 kobolds
  2 rats
63 creatures vanquished.

Notes
Turn   | Place    | Note
-------+----------+-------------------------------------------
     0 | D:1      | Jorund the Demonspawn Wizard began the quest for the Orb.
     0 | D:1      | Reached XP level 1. HP: 13/13 MP: 4/4
   229 | D:1      | Gained mutation: You have a pair of small horns on your head. [demonic ancestry]
   229 | D:1      | Reached XP level 2. HP: 14/19 MP: 0/6
  1272 | D:2      | Learned a level 2 spell: Blink
  1408 | D:2      | Found an ancient bone altar of Kikubaaqudgha.
  1491 | D:2      | Reached XP level 3. HP: 24/24 MP: 6/8
  2074 | D:2      | Learned a level 3 spell: Conjure Flame
  2078 | D:2      | Learned a level 3 spell: Mephitic Cloud
  2135 | D:2      | Gained mutation: You regenerate a little health from kills. [demonic ancestry]
  2135 | D:2      | Reached XP level 4. HP: 22/30 MP: 0/9
  2790 | D:2      | Found an iron altar of Okawaru.
  3053 | D:2      | Reached skill level 4 in Spellcasting
  3319 | D:3      | Gained mutation: You have a somewhat thin skeletal structure. (Dex +2, Stealth) [demonic ancestry]
  3319 | D:3      | Reached XP level 5. HP: 29/35 MP: 6/11
  3322 | D:3      | Quit the game

Skill      XL: |  1  2  3  4 |
---------------+-------------+-----
Conjurations   | 2 3 |  3.6
Spellcasting   | 4 |  4.1
Long Blades    | |  0.3
Maces & Flails | |  0.4
Dodging        | |  1.7
Stealth        | |  1.7
Summonings     | |  1.0
Translocations | |  0.8

Action                   |  1- 3 |  4- 6 || total
-------------------------+-------+-------++-------
Melee: Unarmed           |     3 |       ||     3
       Club              |    30 |    41 ||    71
       Headbutt          |     2 |    10 ||    12
       Long sword        |       |    26 ||    26
 Cast: Magic Dart        |    83 |    44 ||   127
       Mephitic Cloud    |     1 |     1 ||     2
       Conjure Flame     |       |     1 ||     1
  Use: Scroll            |     4 |     2 ||     6
       Potion            |     1 |       ||     1
 Stab: Sleeping          |       |     2 ||     2
  Eat: Chunk             |     3 |     1 ||     4
       Ration            |       |     1 ||     1
Armor: Robe              |     6 |     5 ||    11
Dodge: Dodged            |    33 |    56 ||    89
       Rpst.: Long sword |       |     6 ||     6
